 Dungeon Crawl Stone Soup version 0.14-a0-504-gf2529f3 (webtiles) character file.

79 Psiweapon the Practitioner (level 2, -3/17 HPs)
             Began as a Gargoyle Healer on Oct 31, 2013.
             Was a Believer of Elyvilon.
             Slain by Sigmund
             ... wielding a +0,+0 scythe
              (7 damage)
             ... on Level 3 of the Dungeon.
             The game lasted 00:06:21 (1444 turns).

Psiweapon the Practitioner (Gargoyle Healer)        Turns: 1444, Time: 00:06:22

HP  -3/17        AC  5     Str 15      XL: 2   Next: 66%
MP   2/4         EV 12     Int 12      God: Elyvilon [**....]
Gold 61          SH  0     Dex  9      Spells:  0 memorised,  1 level left

Res.Fire  : . . .   See Invis. : .   y - +0 rod of venom (9/14)
Res.Cold  : . . .   Warding    : .   a - +1 robe
Life Prot.: + . .   Conserve   : .   (no shield)
Res.Poison: +       Res.Corr.  : .   (no helmet)
Res.Elec. : .       Clarity    : .   (no cloak)
Sust.Abil.: . .     Spirit.Shd : .   (no gloves)
Res.Mut.  : .       Stasis     : .   (no boots)
Res.Rott. : +       Flight     : .   (no amulet)
Saprovore : . . .                    (no ring)
                                     (no ring)

@: not resistant to hostile enchantments, very unstealthy
A: fangs 1, talons 2, life protection 1, slow metabolism 1, unbreathing,
petrification resistance, AC +2
a: Lesser Healing, Lesser Self-Healing, Divine Protection, Purification,
Renounce Religion


You were on level 3 of the Dungeon.
You worshipped Elyvilon.
Elyvilon was pleased with you.
You were near starving.

You visited 1 branch of the dungeon, and saw 3 of its levels.

You collected 61 gold pieces.

Inventory:

Armour
 a - a +1 robe (worn)
Comestibles
 d - 2 bread rations
 g - a meat ration
 l - a beef jerky
 u - a pear
 v - an apple
 w - an orange
 x - an apricot
Scrolls
 e - a scroll of random uselessness {unknown}
 f - a scroll of fear {unknown}
 h - a scroll of curse armour {unknown}
 j - a scroll of teleportation {unknown}
 k - 2 scrolls of remove curse {unknown}
 m - a scroll of magic mapping {unknown}
 n - 2 scrolls of identify {unknown}
 s - a scroll of noise {unknown}
Jewellery
 p - an uncursed amulet of inaccuracy {unknown}
Potions
 c - a potion of heal wounds
 i - a potion of speed {unknown}
 o - a potion of restore abilities {unknown}
 q - a potion of brilliance {unknown}
 r - a potion of paralysis {unknown}
 t - a potion of blood {unknown}
 z - a potion of invisibility {unknown}
Rods
 y - a +0 rod of venom (9/14) (weapon)
   (You found it on level 2 of the Dungeon)


   Skills:
 + Level 2.4 Fighting
 + Level 1.9 Dodging
 + Level 0.7 Unarmed Combat
 + Level 4.2 Invocations


You had one spell level left.
You didn't know any spells.

Dungeon Overview and Level Annotations

Branches:
Dungeon (3/27)

Altars:
Fedhas

Annotations:
D:3 Sigmund


Innate Abilities, Weirdness & Mutations

You are resistant to torment.
You are immune to poison.
Your stone body is very resilient (AC +2).
You have very sharp teeth.
You have razor-sharp toenails.
You resist negative energy.
You have a slow metabolism.
You can survive without breathing.
You are immune to petrification.


Message History

The ball python constricts you.
You escape the ball python's grasp.
The ball python bites you but does no damage.
The ball python grabs you. The ball python constricts you.
You escape the ball python's grasp.
Eat which item? (? for menu, Esc to quit)
You are feeling very hungry.
The ball python barely misses you. The ball python closely misses you.
You continue eating.
The ball python bites you but does no damage.
The ball python barely misses you. It hits you!
* * * LOW HITPOINT WARNING * * *
You finish eating.
Mmmm...
Yummy pear.
Use which ability? (? or * to list)
Press: ? - help, Dir - move target cursor, f - ball python Heal: a ball python Elyvilon supports your offer of peace.
The ball python turns neutral.
You are near starving!
The ball python barely misses it.
It hits you!
You die...

... . ..# ..# .. #.# ..#
.##.# ..######...#
#.#...##...###
#.#...##.....#
#.#...##.....#
#.....##.....########....
....(..........S@........
...###...#.#############.
.........#.# ............
.....=.......
...##.........
#.###.......... .$.
##......## ... #####.#


You could see a neutral ball python (wandering).

Vanquished Creatures
  A goblin (D:1)
  A hobgoblin (D:1)
  2 bats (D:1)
  2 giant cockroaches (D:2)
  2 giant newts (D:1)
  A kobold (D:1)
  2 rats (D:2)
11 creatures vanquished.

Notes
Turn   | Place    | Note
--------------------------------------------------------------
     0 | D:1      | Psiweapon, the Gargoyle Healer, began the quest for the Orb.
     0 | D:1      | Reached XP level 1. HP: 12/12 MP: 2/2
   575 | D:1      | Reached XP level 2. HP: 17/17 MP: 2/4
  1140 | D:2      | Found a blossoming altar of Fedhas.
  1258 | D:2      | Identified a +0 rod of venom (14/14) (You found it on level 2 of the Dungeon)
  1415 | D:3      | Noticed Sigmund
  1444 | D:3      | Slain by Sigmund

Action                   || total
-------------------------++-------
Melee: Unarmed           ||    44
       Rod               ||     1
Invok: Lesser Healing    ||    24
       Lesser Self-Heali ||     1
Evoke: Rod               ||     1
  Use: Potion            ||     1
